 Dungeon Crawl Stone Soup version 0.31-a0-234-gad7ace16ef (webtiles) character file.

Game seed: 6873965113640597834

40 qw the Shooter (level 3, -4/21 HPs)
             Began as a Gargoyle Hexslinger on July 9, 2023.
             Slain by Terence
             ... wielding a +0 falchion
              (8 damage)
             ... on level 2 of the Dungeon.
             The game lasted 00:00:31 (994 turns).

qw the Shooter (Gargoyle Hexslinger)                 Turns: 994, Time: 00:00:32

Health: -4/21      AC:  8    Str: 11    XL:     3   Next: 50%
Magic:  4/4        EV: 10    Int: 13    God:
Gold:   25         SH:  0    Dex: 14    Spells: 3/4 levels left

rFire   . . .        Y - +1 sling
rCold   . . .        (no shield)
rNeg    + . .        i - +0 ring mail
rPois   inf          (no helmet)
rElec   +            (no cloak)
rCorr   .            (no gloves)
SInv    .            (no boots)
Will    .....        (no amulet)
Stlth   +            (no ring)
HPRegen 0.23/turn    (no ring)
MPRegen 0.09/turn

%: no passive effects
@: no status effects
A: sickness immunity, AC +3, negative energy resistance 1, electricity
resistance, torment resistance 1, petrification resistance
a: no special abilities


You were on level 2 of the Dungeon.
You visited 1 branch of the dungeon, and saw 2 of its levels.

You collected 25 gold pieces.


Innate Abilities, Weirdness & Mutations

You are immune to sickness and miasma.
Your stone body is resilient. (AC +3)
You are immune to poison.
You resist negative energy. (rN+)
You are resistant to electric shocks. (rElec)
You are resistant to unholy torment.
You are immune to petrification.


   Skills:
 - Level 2.0 Fighting
 + Level 3.4 Ranged Weapons
 - Level 1.5 Dodging
 - Level 1.0 Spellcasting
 - Level 2.6 Hexes


You had 3 spell levels left.
You knew the following spells:

 Your Spells              Type           Power      Damage    Failure   Level
a - Slow                  Hex            28%        N/A       22%         1

Your spell library contained the following spells:

 Spells                   Type           Power      Damage    Failure   Level
 Inner Flame              Hex/Fire       4%         N/A       75%         3
 Portal Projectile        Hex/Tloc       8%         N/A       75%         3
 Cause Fear               Hex            3%         N/A       92%         4

Inventory:

Hand Weapons
 Y - a +1 sling (weapon)
Armour
 c - a +0 cloak
 i - a +0 ring mail (worn)
Scrolls
 b - 2 scrolls of identify {unknown}
Potions
 a - a potion of ambrosia {unknown}
 e - a potion of curing

Dungeon Overview and Level Annotations

Branches:
Dungeon (2/15)

Altars:

Shops:
D:1 =

Annotations:
D:2 Natasha, Terence


Message History

The sling bullet hits Terence but does no damage.
Terence is moderately wounded.
Your surroundings suddenly seem different.
Splash!
You fall into the shallow water.
Moving in this stuff is going to be slow.
You start resting.
A bat comes into view.
964 ||| Stepping ~*~*~tactically~*~*~ (water).
You shoot a sling bullet.
The sling bullet closely misses the bat.
You shoot a sling bullet. The sling bullet hits the bat.
You kill the bat!
You start resting.
Terence is nearby!
You shoot a sling bullet.
The sling bullet closely misses Terence.
You shoot a sling bullet. The sling bullet hits Terence.
Terence is heavily wounded.
You shoot a sling bullet. The sling bullet hits Terence.
Terence is heavily wounded.
Terence asks, "Do you want it fast or slow?"
Terence closely misses you.
You shoot a sling bullet. The sling bullet hits Terence.
Terence is severely wounded.
Terence barely misses you.
You shoot a sling bullet. The sling bullet hits Terence.
Terence is severely wounded.
Terence closely misses you. Terence misses you.
You shoot a sling bullet. The sling bullet hits Terence.
Terence is almost dead.
Terence barely misses you.
You shoot a sling bullet.
The sling bullet completely misses Terence.
Terence barely misses you.
You shoot a sling bullet.
The sling bullet hits Terence but does no damage.
Terence is almost dead.
Terence hits you with a +0 falchion! x2
You die...

..#############..##~~~~~####..#
.w5hS@....).......#~~~~~# #..##
.#######..........#~~~~####.##
.# #..........~~~~~# #..# .#
#.########.~~~~~# #.## #.# #.#
##.~~~~## #.# #.# #'#
#..~~~~####.## #.# ...
#@%~~~~....>.###.# ...
#@~~~~~.####..##.# ....#
#.~~~~#.##.......# #####
#.~~~~#.##.####..#
#.~~~~#.##.#####..
#.~~~~#.##........
#.~~~~~.########.% #.~~~~~.###
#.# #..~~~~.... ...# ##.~~~~~##
#####


You could see Terence.

Vanquished Creatures
  7 endoplasms
  5 goblins
  2 hobgoblins (D:1)
  2 quokkas (D:2)
  3 ball pythons
  6 bats
  2 frilled lizards (D:1)
  5 kobolds
  4 rats
36 creatures vanquished.

Notes
Turn   | Place    | Note
-------+----------+-------------------------------------------
     0 | D:1      | qw the Gargoyle Hexslinger began the quest for the Orb.
     0 | D:1      | Reached XP level 1. HP: 12/12 MP: 2/2
     0 | D:1      | 0 ||| qw: Version: 0.3-a-51-g015441d
     0 | D:1      | 0 ||| qw: Game counter: 4266
     0 | D:1      | 0 ||| qw: Melee chars always use a shield: true
     0 | D:1      | 0 ||| qw: God list: Okawaru
     0 | D:1      | 0 ||| qw: Allow faded altars: false
     0 | D:1      | 0 ||| qw: Do Orc after clearing Dungeon:15 true
     0 | D:1      | 0 ||| qw: Do second Lair branch before Depths: true
     0 | D:1      | 0 ||| qw: Lair rune preference: random
     0 | D:1      | 0 ||| qw: Goals: Normal
     0 | D:1      | 0 ||| PLANNING D:1-11
    81 | D:1      | Found Wiam's Jewellery Shop.
    95 | D:1      | 95 ||| SHOPLISTING +4 ring of protection (468 gold, have
                  | 0).
    95 | D:1      | 95 ||| SHOPLISTING amulet of faith (520 gold, have 0).
    95 | D:1      | 95 ||| SHOPLISTING amulet of regeneration (390 gold, have
                  | 0).
    95 | D:1      | 95 ||| SHOPLISTING ring "Dozawk" {rElec rF+++ rC- MP+9
                  | Dex-3} (724 gold, have 0).
    95 | D:1      | 95 ||| SHOPLISTING ring "Mal Nutwietu" {rF++ MP+9} (578
                  | gold, have 0).
    95 | D:1      | 95 ||| SHOPLISTING ring of fire (325 gold, have 0).
    95 | D:1      | 95 ||| SHOPLISTING ring of ice (325 gold, have 0).
   127 | D:1      | Reached XP level 2. HP: 15/16 MP: 3/3
   193 | D:1      | Reached skill level 3 in Ranged Weapons
   319 | D:1      | Found a faded altar of an unknown god.
   486 | D:1      | Reached XP level 3. HP: 21/21 MP: 4/4
   630 | D:1      | 630 ||| UPGRADING to +0 leather armour.
   640 | D:1      | 640 ||| DROPPING +0 robe.
   641 | D:1      | 641 ||| UPGRADING to +0 ring mail.
   651 | D:1      | 651 ||| DROPPING +0 leather armour.
   652 | D:1      | 652 ||| READING scroll labelled SUSUBL OGIOWNO.
   653 | D:1      | 653 ||| READING 2 scrolls labelled YMOAHE CECHI.
   657 | D:1      | 657 ||| READING scroll labelled UMIDI IKUSIXKE.
   658 | D:1      | 658 ||| DRINKING 2 fizzy coppery potions.
   659 | D:1      | 659 ||| DROPPING scroll of poison.
   950 | D:2      | Noticed Terence
   957 | D:2      | Noticed Natasha
   959 | D:2      | HP: 5/21 [Terence/+0 falchion (5)]
   960 | D:2      | 960 ||| READING scroll of teleportation.
   961 | D:2      | HP: 2/21 [Terence/+0 falchion (4)]
   964 | D:2      | 964 ||| Stepping ~*~*~tactically~*~*~ (water).
   994 | D:2      | HP: 4/21 [Terence/+0 falchion (7)]
   994 | D:2      | Slain by Terence

Levels and vault maps discovered:
D:1:      giann_forest_graveyard, layout_basic, serial_shops,
          nicolae_shop_just_a_little_nook, shapermc_ecumenical_altar_flowoftime,
          minmay_pentomino_s2
D:2:      wander_river, layout_basic, uniq_terence, uniq_natasha

Skill      XL: |  1  2 |
---------------+-------+-----
Ranged Weapons | 3 |  3.4
Fighting       | 2 |  2.0
Dodging        | |  1.5
Spellcasting   | |  1.0
Hexes          | |  2.6

Action                     || total
---------------------------++-------
   Fire: Sling             ||   118
    Use: Scroll            ||     4
         Potion            ||     1
 Armour: Robe              ||     3
         Ring mail         ||    11
  Dodge: Dodged            ||    28

Table legend:
 A = Non-vault XP
 B = Vault XP
 C = Vault XP percentage of total XP
 D = Non-vault monster count
 E = Vault monster count
 F = Vault count percentage of total count
                 A         B        C        D         E       F
            +---------+---------+-------+---------+---------+-------
      Total |      56 |       2 |   3.4 |      34 |       2 |   5.6
            +---------+---------+-------+---------+---------+-------
        D:1 |      36 |       2 |   5.3 |      22 |       2 |   8.3
        D:2 |      20 |       0 |   0.0 |      12 |       0 |   0.0
            +---------+---------+-------+---------+---------+-------
